 Dungeon Crawl Stone Soup version 0.29-a0-193-ga21e45360d (webtiles) character file.

Game seed: 15133027238388356096

3582 Murumi the Blocker (level 10, -1/80 HPs)
             Began as a Formicid Fighter on Feb 22, 2022.
             Slain by a two-headed ogre
             ... wielding a +0 giant club
              (9 damage)
             ... on level 7 of the Dungeon.
             The game lasted 00:26:51 (9454 turns).

Murumi the Blocker (Formicid Fighter)               Turns: 9454, Time: 00:26:52

Health: -1/80      AC: 12    Str: 24    XL:     10   Next: 31%
Magic:  19/19      EV:  8    Int:  9    God:
Gold:   321        SH:  7    Dex: 10    Spells: 9/9 levels left

rFire   . . .      SeeInvis +   a - +2 flail (vorpal)
rCold   . . .      Faith    .   c - +1 buckler
rNeg    . . .      Spirit   .   m - +0 chain mail
rPois   .          Reflect  .   (helmet unavailable)
rElec   .          Harm     .   (no cloak)
rCorr   .          Rampage  .   (no gloves)
Will    +....                   l - +0 pair of boots
Stlth   ..........              (no amulet)
HPRegen 0.23/turn               s - ring of magical power
MPRegen 0.16/turn               (no ring)

@: lethally poisoned (-1 -> -3), studying Transmutations, invisible
A: permanent stasis, dig shafts and tunnels, antennae 3, four strong arms
a: Dig, Shaft Self


You were on level 7 of the Dungeon.
You visited 1 branch of the dungeon, and saw 7 of its levels.

You collected 321 gold pieces.

Inventory:

Hand Weapons
 a - a +2 vorpal flail (weapon)
 f - a +0 hand crossbow
 r - a +0 morningstar
Armour
 c - a +1 buckler (worn)
 l - a +0 pair of boots (worn)
 m - a +0 chain mail (worn)
Jewellery
 s - a ring of magical power (left hand)
Wands
 k - a wand of iceblast (6)
 o - a wand of flame (41)
Scrolls
 e - 2 scrolls of fear
 q - a scroll of magic mapping
 t - 4 scrolls of enchant armour
Potions
 b - 2 potions of curing
 d - 2 potions of heal wounds
 g - a potion of brilliance
 i - a potion of invisibility
 j - a potion of berserk rage {unknown}
 n - a potion of cancellation {unknown}
 p - a potion of attraction {unknown}


   Skills:
 - Level 8.0 Fighting
 - Level 6.0 Maces & Flails
 - Level 8.0 Armour
 - Level 2.0 Dodging
 - Level 5.0 Stealth
 - Level 9.0 Shields
 + Level 3.6 Evocations


You had 9 spell levels left.
You didn't know any spells.
Your spell library contained the following spells:

 Spells                   Type           Power      Damage    Failure   Level
 Call Canine Familiar     Summ           0%         N/A       100%        3
 Portal Projectile        Hex/Tloc       0%         N/A       100%        3
 Leda's Liquefaction      Hex/Erth       0%         N/A       100%        4


Dungeon Overview and Level Annotations

Branches:
Dungeon (7/15)
 Temple: D:4-7

Altars:

Annotations:
D:5 3 runed translucent doors, Zigma's ghost, novice OpSu; anet's ghost, novice HOCj; kelmiir's ghost, amateur GnIE


Innate Abilities, Weirdness & Mutations

You cannot be hasted, slowed, berserked, paralysed or teleported.
You can dig through walls and to a lower floor.
You have a pair of large antennae on your head. (SInv)
Your four strong arms can wield two-handed weapons with a shield.


Message History

The water moccasin is lightly wounded.
You feel sick. You block the water moccasin's attack.
The water moccasin bites you.
You are more poisoned.
The water moccasin poisons you!
You hit the water moccasin.
The water moccasin is lightly wounded.
You feel very sick.
The water moccasin bites you but does no damage.
The water moccasin closely misses you.
You miss the water moccasin.
The water moccasin is lightly wounded.
You feel very sick. The water moccasin misses you.
You sock the water moccasin!
The water moccasin is severely wounded.
You feel very sick. You block the water moccasin's attack.
The water moccasin barely misses you.
You closely miss the water moccasin.
The water moccasin is severely wounded.
You feel sick.
The water moccasin bites you but does no damage.
You sock the water moccasin!
You kill the water moccasin!
You feel sick.
Training target 8.0 for Armour reached!
Your Armour skill increases to level 8!
You need to enable at least one skill for training.
You sock the two-headed ogre!
The two-headed ogre is lightly wounded.
You feel sick.
The two-headed ogre hits you with a +0 giant club!!
* * * LOW HITPOINT WARNING * * *
The two-headed ogre barely misses you.
You fade into invisibility!
You feel sick.
The two-headed ogre hits you with a +0 giant club!
* * * LOW HITPOINT WARNING * * *
The two-headed ogre hits you with a +0 giant club!
You die...

####.#.....#
#.....
#....#.....#
#.####
#######..........#
#.
.................#
#
.................#
...........#.###.#
...........#.## .#
...........#..# #
..88888888.##@#
..8888.888..#O#
...............#
8....###.# 8... ..


S.O ... }8 ...# . .#># .#.# You could see a two-headed ogre.

Vanquished Creatures
  Grinder (D:4)
  Prince Ribbit (D:7)
  Sigmund (D:1)
  A shadow (D:7)
  A water moccasin (D:7)
  2 ice beasts
  Duvessa (D:5)
  3 sky beasts
  2 black bears
  2 necrophages
  An ogre (D:5)
  A centaur (D:5)
  Blork the orc (D:4)
  3 kobold brigands
  3 bullfrogs
  A wyvern zombie (D:7)
  2 scorpions
  Dowan (D:5)
  A water moccasin skeleton (D:4)
  4 hounds
  A jelly (D:7)
  2 orc priests (D:5)
  A bullfrog skeleton (D:5)
  Natasha (thrice) (D:2)
  2 centaur skeletons
  5 iguanas
  6 orc wizards
  A killer bee zombie (D:7)
  7 gnolls
  5 adders
  An ufetubus (D:6)
  2 dart slugs
  32 orcs
  11 ball pythons
  4 bats
  8 endoplasms
  11 giant cockroaches
  5 goblins
  12 hobgoblins
  5 quokkas
  3 frilled lizards
  18 kobolds
  6 rats
184 creatures vanquished.

Vanquished Creatures (others)
  An orc (D:5)
  17 plants (D:2)
  5 withered plants
23 creatures vanquished.

Grand Total: 207 creatures vanquished

Notes
Turn   | Place    | Note
-------+----------+-------------------------------------------
     0 | D:1      | Murumi the Formicid Fighter began the quest for the Orb.
     0 | D:1      | Reached XP level 1. HP: 18/18 MP: 1/1
   111 | D:1      | Reached skill level 4 in Shields
   190 | D:1      | Reached XP level 2. HP: 24/24 MP: 2/2
   545 | D:1      | Reached XP level 3. HP: 30/30 MP: 3/3
   951 | D:2      | Noticed Sigmund
   952 | D:2      | Noticed Natasha
  1080 | D:1      | Killed Sigmund
  1081 | D:1      | Reached skill level 1 in Stealth
  1081 | D:1      | Reached skill level 1 in Dodging
  1081 | D:1      | Reached skill level 5 in Shields
  1081 | D:1      | Reached XP level 4. HP: 17/37 MP: 4/4
  1081 | D:1      | Reached XP level 5. HP: 20/42 MP: 5/5
  1081 | D:1      | Reached XP level 6. HP: 23/48 MP: 6/6
  1245 | D:2      | Killed Natasha
  1318 | D:2      | Noticed Natasha
  1331 | D:2      | Killed Natasha
  2061 | D:2      | Noticed Natasha
  2068 | D:2      | Killed Natasha
  2102 | D:2      | Found a faded altar of an unknown god.
  2795 | D:3      | Reached XP level 7. HP: 53/55 MP: 7/7
  3029 | D:3      | Reached skill level 5 in Fighting
  3481 | D:3      | Reached skill level 5 in Armour
  4039 | D:4      | Noticed Grinder
  4050 | D:4      | Killed Grinder
  4051 | D:4      | Reached skill level 6 in Shields
  4051 | D:4      | Reached XP level 8. HP: 21/62 MP: 8/8
  4277 | D:4      | Reached skill level 7 in Shields
  4585 | D:4      | Noticed Blork the orc
  4598 | D:4      | Killed Blork the orc
  5309 | D:5      | Entered Level 5 of the Dungeon
  5505 | D:5      | Noticed Dowan
  5506 | D:5      | Noticed Duvessa
  5887 | D:5      | Reached skill level 5 in Maces & Flails
  6140 | D:5      | Killed Duvessa
  6141 | D:5      | Reached XP level 9. HP: 36/68 MP: 9/9
  6188 | D:5      | Reached skill level 8 in Shields
  6192 | D:5      | Killed Dowan
  6758 | D:5      | Found a runed translucent gate.
  6758 | D:5      | Found a runed translucent gate.
  6759 | D:5      | Found a runed translucent gate.
  6760 | D:5      | Noticed anet's ghost (novice HOCj)
  6760 | D:5      | Noticed Zigma's ghost (novice OpSu)
  6760 | D:5      | Noticed kelmiir's ghost (amateur GnIE)
  7122 | D:5      | Reached skill level 1 in Evocations
  8645 | D:7      | Reached skill level 5 in Stealth
  8651 | D:7      | Reached XP level 10. HP: 62/79 MP: 10/10
  8887 | D:7      | Reached skill level 9 in Shields
  9176 | D:7      | Noticed Prince Ribbit
  9269 | D:7      | Killed Prince Ribbit
  9435 | D:7      | Noticed a two-headed ogre
  9454 | D:7      | Slain by a two-headed ogre

Illustrated notes

Levels and vault maps discovered:
D:1:      tarquinn_simple_flora_water_c, layout_basic
D:2:      layout_basic, shapermc_ecumenical_altar_flowoftime,
          nicolae_grassy_gnolls, uniq_sigmund, uniq_natasha
D:3:      layout_loops_ring, nicolae_underground_beach
D:4:      layout_cave_pods, kennysheep_another_room, uniq_grinder,
          uniq_blork_the_orc
D:5:      cheibrodos_thug_alley, layout_rooms, gammafunk_ghost_cemetery,
          uniq_duvessa
D:6:      layout_cave_pods, minmay_chambers_of_fives
D:7:      layout_basic, minmay_temple_entry_drinking_statues,
          hellmonk_bongcloud_opening, minmay_manual_moon, uniq_prince_ribbit1

Skill      XL: |  1  2  3  4  5  6  7  8  9 10 |
---------------+-------------------------------+-----
Shields        | 4 5 6 7 8 9 |  9.0
Fighting       | 4 5 6 7 8 |  8.0
Armour         | 4 5 6 7 8 |  8.0
Stealth        | 2 3 4 5 |  5.0
Dodging        | 1 2 |  2.0
Maces & Flails | 3 4 5 6 |  6.0
Evocations     | 3 |  3.6

Action                   |  1- 3 |  4- 6 |  7- 9 | 10-12 || total
-------------------------+-------+-------+-------+-------++-------
Melee: Flail             |    73 |   115 |   396 |    93 ||   677
 Fire: Hand crossbow     |       |       |       |    20 ||    20
 Abil: Dig               |       |       |     2 |       ||     2
Evoke: Wand              |       |       |     2 |       ||     2
  Use: Scroll            |     4 |     5 |     5 |     1 ||    15
       Potion            |     1 |       |     1 |     1 ||     3
Armor: Scale mail        |    30 |    26 |    60 |       ||   116
       Skin              |       |       |    14 |       ||    14
       Chain mail        |       |       |   107 |    50 ||   157
Dodge: Dodged            |    29 |    52 |   134 |    29 ||   244
Block: Buckler           |    16 |    32 |   105 |    23 ||   176

Table legend: (Time is in decaauts)
 A = Elapsed time spent in this place.
 B = Non-inter-level travel time spent in this place.
 C = Inter-level travel time spent in this place.
 D = Time resting spent in this place.
 E = Time spent auto-exploring this place.
 F = Levels seen in this place.
 G = Mean time per level.
                   A        B        C        D        E       F      G
               +--------+--------+--------+--------+--------+-----+--------+
         Total |   9627 |   8865 |    762 |    431 |   6776 |   7 | 1375.3 |
       Dungeon |   9627 |   8865 |    762 |    431 |   6776 |   7 | 1375.3 |
               +--------+--------+--------+--------+--------+-----+--------+

Top non-repeatable levels by time:
     D:5: 1730 daAuts
     D:4: 1585 daAuts
     D:2: 1564 daAuts
     D:3: 1509 daAuts
     D:1: 1254 daAuts
     D:6: 1104 daAuts
     D:7: 878 daAuts
